 Dungeon Sprint DCSS version 0.29-a0-364-g921d912d32 (webtiles) character file.

Game seed: 10441828477371652226

1511 mhtbhm the Cleaver (level 8, -7/123 HPs)
             Began as a Minotaur Fighter on May 1, 2022.
             Was an Elder of Okawaru.
             Mangled by a bog body (14 damage)
             ... in the Dungeon (Sprint VII: "The Pits").
             The game lasted 00:03:10 (894 turns).

mhtbhm the Cleaver (Minotaur Fighter)                Turns: 894, Time: 00:03:12

Health: -7/123     AC: 15    Str: 26    XL:     8   Next: 53%
Magic:  7/7        EV: 11    Int:  8    God:    Okawaru [****..]
Gold:   0          SH:  6    Dex: 10    Spells: 7/7 levels left

rFire   . . .      SeeInvis .   a - +1 broad axe (vorpal)
rCold   . . .      Faith    .   c - +0 buckler
rNeg    . . .      Spirit   .   b - +5 ring mail
rPois   .          Reflect  .   (helmet restricted)
rElec   .          Harm     .   o - +0 cloak
rCorr   .          Rampage  .   p - +0 pair of gloves
Will    .....      NoTele   +   (no boots)
Stlth   ..........              (no amulet)
HPRegen 0.30/turn               m - +3 ring of intelligence
MPRegen 0.10/turn               n - +3 ring of strength

@: mighty, berserking (expiring), slowed
A: horns 2, retaliatory headbutt
a: Renounce Religion, Heroism, Finesse


You were in the Dungeon.
You worshipped Okawaru.
Okawaru was greatly pleased with you.
You visited 1 branch

Inventory:

Hand Weapons
 a - a +1 vorpal broad axe (weapon)
Armour
 b - a +5 ring mail (worn)
 c - a +0 buckler (worn)
 o - a +0 cloak (worn)
 p - a +0 pair of gloves (worn)
Jewellery
 m - a +3 ring of intelligence (left hand)
 n - a +3 ring of strength (right hand)
Scrolls
 l - 5 scrolls of amnesia
Potions
 d - 2 potions of might
 e - 8 potions of curing
 f - 7 potions of heal wounds
 g - 2 potions of haste
 h - 4 potions of magic
 i - a potion of berserk rage
 k - 2 potions of invisibility
 q - 2 potions of mutation


   Skills:
 + Level 11.3 Fighting
 + Level 13.2 Axes
 + Level 12.0 Armour
 + Level 3.6 Dodging
 + Level 10.2 Shields


You had 7 spell levels left.
You didn't know any spells.
Your spell library was empty.

Dungeon Overview and Level Annotations

Branches:
Dungeon (1/1)

Altars:
Ashenzari
Cheibriados
Dithmenos
Elyvilon
Fedhas
Gozag
Hepliaklqana
Kikubaaqudgha
Makhleb
Nemelex Xobeh
Okawaru
Qazlal
Ru
Sif Muna
Trog
Uskayaw
Vehumet
Wu Jian
Xom
Yredelemnul
Zin
The Shining One
Beogh
Jiyva
Lugonu


Innate Abilities, Weirdness & Mutations

You have a pair of horns on your head.
You reflexively headbutt those who attack you in melee.


Message History

The death cob hits you! The vampire mosquito barely misses you.
The death cob closely misses you.
The death cob hits you but does no damage.
The vampire mosquito bites you.
The vampire mosquito draws strength from your injuries!
Your Axes skill increases to level 13!
Your Armour skill increases to level 12!
Unknown command.
You closely miss the death cob. You headbutt the death cob!
The death cob is moderately damaged.
You closely miss the vampire mosquito.
The death cob hits you but does no damage.
The vampire mosquito bites you.
The vampire mosquito draws strength from your injuries!
You block the death cob's attack.
Unknown command.
You miss the death cob.
The death cob is lightly damaged.
You miss the vampire mosquito. The death cob closely misses you.
You furiously retaliate!
You headbutt the death cob! The vampire mosquito barely misses you.
The death cob closely misses you.
You block the vampire mosquito's attack.
You barely miss the death cob. You headbutt the death cob!!
The death cob is heavily damaged.
You slash the vampire mosquito! The death cob hits you!
You block the vampire mosquito's attack.
The death cob hits you!!
* * * LOW HITPOINT WARNING * * *
The vampire mosquito barely misses you. The death cob hits you!
* * * LOW HITPOINT WARNING * * *
The death cob drains your vigour!
You feel as though you will be slow longer.
You closely miss the death cob.
The death cob is heavily damaged.
You closely miss the vampire mosquito. You slash the bog body!
You block the death cob's attack. The vampire mosquito misses you.
The bog body touches you!
* * * LOW HITPOINT WARNING * * *
The bog body freezes you!
You die...

..# ..# ######## ..#
...##..# ..#
...##..# ..#
...''..# ..#
...''..##########z.#
...##...........@n.#
...##............y.#
####################


You could see a death cob, a bog body and a vampire mosquito.

Vanquished Creatures
  A troll (D)
  A dream sheep (D)
  A ynoxinul (D)
  A wraith (D)
  3 vampire mosquitoes (D)
  A floating eye (D)
  An ogre (D)
  A wolf (D)
  A bullfrog (D)
  An orc priest (D)
  An orc wizard (D)
  Terence (D)
  3 orcs (D)
  An endoplasm (D)
  A giant cockroach (D)
  A goblin (D)
  A hobgoblin (D)
  6 jackals (D)
  3 quokkas (D)
  A bat (D)
  A frilled lizard (D)
  A kobold (D)
  A rat (D)
34 creatures vanquished.

Notes
Turn   | Place    | Note
-------+----------+-------------------------------------------
     0 | D        | mhtbhm the Minotaur Fighter began the quest for the Orb.
     0 | D        | Reached XP level 1. HP: 19/19 MP: 0/0
    24 | D        | Found a bloodstained altar of Trog.
    24 | D        | Found a shimmering blue altar of Sif Muna.
    24 | D        | Found a viscous altar of Jiyva.
    24 | D        | Found a hazy altar of Hepliaklqana.
    24 | D        | Found an opulent altar of Gozag.
    25 | D        | Found a glowing golden altar of the Shining One.
    25 | D        | Found a glowing silver altar of Zin.
    25 | D        | Found a basalt altar of Yredelemnul.
    25 | D        | Found a shimmering altar of Xom.
    25 | D        | Found an ornate altar of the Wu Jian Council.
    25 | D        | Found a sacrificial altar of Ru.
    25 | D        | Found a stormy altar of Qazlal.
    25 | D        | Found an iron altar of Okawaru.
    25 | D        | Found a sparkling altar of Nemelex Xobeh.
    25 | D        | Found a burning altar of Makhleb.
    25 | D        | Found a blossoming altar of Fedhas.
    25 | D        | Found a white marble altar of Elyvilon.
    25 | D        | Found a shadowy altar of Dithmenos.
    25 | D        | Found a snail-covered altar of Cheibriados.
    27 | D        | Found a radiant altar of Vehumet.
    27 | D        | Found a corrupted altar of Lugonu.
    28 | D        | Found a hide-covered altar of Uskayaw.
    28 | D        | Found an ancient bone altar of Kikubaaqudgha.
    28 | D        | Found a broken altar of Ashenzari.
    33 | D        | Became a worshipper of Warmaster Okawaru
    88 | D        | Reached XP level 2. HP: 28/28 MP: 1/1
   102 | D        | Reached skill level 3 in Axes
   105 | D        | Noticed Terence
   115 | D        | Killed Terence
   116 | D        | Reached skill level 5 in Fighting
   116 | D        | Reached skill level 5 in Armour
   116 | D        | Reached skill level 5 in Shields
   116 | D        | Reached XP level 3. HP: 14/36 MP: 2/2
   453 | D        | Noticed a wolf
   454 | D        | Noticed a floating eye
   454 | D        | Noticed an ogre
   454 | D        | Noticed a bullfrog
   459 | D        | Killed a wolf
   459 | D        | Reached * piety under Okawaru
   460 | D        | Reached skill level 5 in Axes
   460 | D        | Reached XP level 4. HP: 45/45 MP: 3/3
   462 | D        | Killed an ogre
   463 | D        | Reached skill level 7 in Axes
   463 | D        | Reached skill level 1 in Dodging
   463 | D        | Reached XP level 5. HP: 52/52 MP: 4/4
   466 | D        | Reached XP level 6. HP: 53/61 MP: 5/5
   476 | D        | Killed a floating eye
   476 | D        | Reached ** piety under Okawaru
   477 | D        | Reached skill level 8 in Axes
   639 | D        | Noticed a dream sheep
   647 | D        | Killed a dream sheep
   647 | D        | Reached *** piety under Okawaru
   648 | D        | Reached skill level 9 in Axes
   648 | D        | Reached skill level 10 in Armour
   648 | D        | Reached XP level 7. HP: 71/71 MP: 6/6
   662 | D        | Noticed a ynoxinul
   686 | D        | Killed a ynoxinul
   687 | D        | Reached skill level 10 in Fighting
   687 | D        | Reached skill level 10 in Axes
   833 | D        | Noticed a wraith
   834 | D        | Noticed a troll
   855 | D        | Killed a troll
   856 | D        | Reached skill level 11 in Axes
   857 | D        | Killed a wraith
   858 | D        | Reached skill level 12 in Axes
   858 | D        | Reached XP level 8. HP: 47/81 MP: 7/7
   880 | D        | Reached **** piety under Okawaru
   881 | D        | Reached skill level 10 in Shields
   886 | D        | Noticed a bog body
   886 | D        | Noticed a death cob
   891 | D        | Reached skill level 13 in Axes
   894 | D        | Mangled by a bog body

Illustrated notes

Levels and vault maps discovered:
D:        pitsprint [storerooms_1, entrance_room_1, metal_vault_2, armoury_1,
          mini_pit_1, grid_room_1, main_hall_1, silver_pit, the_coven_2,
          the_vestibule_1, steel_vault_2, golden_pit, hallway_of_sentries,
          crystal_vault_2, iron_vault_1, final_vault]

Skill      XL: |  1  2  3  4  5  6  7  8 |
---------------+-------------------------+-----
Fighting       | 4 5 6 7 8 9 10 11 | 11.3
Armour         | 4 5 7 8 10 11 12 | 12.0
Shields        | 4 5 6 7 8 9 10 | 10.2
Axes           | 3 5 7 9 12 13 | 13.2
Dodging        | 1 2 3 |  3.6

Action                   |  1- 3 |  4- 6 |  7- 9 || total
-------------------------+-------+-------+-------++-------
Melee: Hand axe          |    21 |    27 |    28 ||    76
       Headbutt          |     2 |     4 |     8 ||    14
       War axe           |     1 |       |       ||     1
       Broad axe         |       |       |    20 ||    20
  Use: Potion            |     1 |       |     5 ||     6
       Scroll            |       |       |     1 ||     1
Armor: Scale mail        |     8 |       |       ||     8
       Plate armour      |     2 |     6 |    15 ||    23
       Ring mail         |       |       |    20 ||    20
Dodge: Dodged            |    11 |     1 |    33 ||    45
Block: Buckler           |     4 |     5 |    21 ||    30

Table legend: (Time is in decaauts)
 A = Elapsed time spent in this place.
 B = Non-inter-level travel time spent in this place.
 C = Inter-level travel time spent in this place.
 D = Time resting spent in this place.
 E = Time spent auto-exploring this place.
 F = Levels seen in this place.
 G = Mean time per level.
                   A        B        C        D        E       F      G
               +--------+--------+--------+--------+--------+-----+--------+
         Total |    904 |    904 |      0 |    430 |     36 |   1 |  904.0 |
       Dungeon |    904 |    904 |      0 |    430 |     36 |   1 |  904.0 |
               +--------+--------+--------+--------+--------+-----+--------+

Top non-repeatable levels by time:
       D: 904 daAuts
